 Dungeon Crawl Stone Soup version 0.20-a0-1089-g3fde505 (webtiles) character file.

136 pnats the Shield-Bearer (level 5, -6/41 HPs)
             Began as a Human Fighter on May 3, 2017.
             Was an Initiate of Gozag.
             Killed by divine providence
             ... invoked by an orc priest
              (15 damage)
             ... on level 3 of the Dungeon.
             The game lasted 00:15:12 (2821 turns).

pnats the Shield-Bearer (Human Fighter)             Turns: 2821, Time: 00:15:12

Health: -6/41      AC:  7    Str: 17    XL:     5   Next: 43%
Magic:  5/5        EV:  7    Int:  9    God:    Gozag
Gold:   240        SH:  9    Dex: 12    Spells: 4/4 levels left

rFire    . . .     SeeInvis .   s - +1 short sword (holy)
rCold    + . .     Gourm    .   c - +0 shield
rNeg     . . .     Faith    .   b - +1 scale mail
rPois    .         Spirit   .   (no helmet)
rElec    .         Reflect  .   n - scarf {rC+}
rCorr    .         Harm     .   (no gloves)
MR       .....                  (no boots)
Stlth    ..........             (no amulet)
Regen    0.2/turn               (no ring)
MPRegen  0.1/turn               (no ring)

@: no status effects
A: no striking features
a: Potion Petition, Call Merchant, Bribe Branch, Renounce Religion


You were on level 3 of the Dungeon.
You worshipped Gozag.
Gozag was aware of your devotion.
You were not hungry.

You visited 1 branch of the dungeon, and saw 3 of its levels.

You collected 257 gold pieces.
You paid 17 gold pieces to Gozag.

Inventory:

Hand Weapons
 a - a +0 flail
 f - a +0 hunting sling
 g - a +0 dagger
 h - a +0 club
 i - a +0 morningstar
 k - a +0 mace
 m - a +0 short sword
 q - a +0 hunting sling
 s - a +1 short sword of holy wrath (weapon)
 t - a +0 whip
Missiles
 e - 56 stones (quivered)
 j - 91 arrows
Armour
 b - a +1 scale mail (worn)
 c - a +0 shield (worn)
 n - a scarf of cold resistance (worn)
 v - a +0 robe
Wands
 p - a wand of confusion (32/48)
Scrolls
 o - 4 scrolls of identify
 u - a scroll of fear
Potions
 d - 2 potions of might
 l - a potion of brilliance
 r - a potion of agility


   Skills:
 + Level 3.4 Fighting
 + Level 1.6 Short Blades
 + Level 2.8 Maces & Flails
 + Level 3.6 Armour
 + Level 1.3 Dodging
 + Level 3.7 Shields


You had 4 spell levels left.
You didn't know any spells.

Dungeon Overview and Level Annotations

Branches:
Dungeon (3/15)

Altars:
Gozag
Makhleb
Nemelex Xobeh
The Shining One


Message History

You kill the worm!
You block the jackal's attack. x2
You closely miss the jackal. The jackal barely misses you.
You puncture the jackal!
You kill the jackal!
You now have 236 gold pieces (gained 7).
You now have 240 gold pieces (gained 4).
You hear the quick rusting of a very distant drain.
An orc priest comes into view. It is wielding a falchion.
The orc priest shouts!
An orc comes into view. It is wielding a club.
The orc shouts!
The orc priest hits you with a falchion.
* * * LOW HITPOINT WARNING * * *
The orc hits you but does no damage.
You barely miss the orc priest.
The orc priest calls down the wrath of Beogh upon you.
Beogh smites you!
You die...
Your body crumbles into a pile of gold.

*****#########
*,,,,,.......##
**,**#####.....##
*,,,,...........#
*****,,**#####......#
,,,,,,,,,..# ##...#.#
*****,,**#.#
##o##.#************ #,,* #.#
#o##.#*,,,,,$,,,,, #.,* #.#
#@##.#*,*,*,,*****
#..###.#####.##..,,,,,,,*
***##.....h......####*,*,*,,*
,,,>........###### *,,,,,**
***##.####..# ##############
* #,* #..# ####.............
* *,* #..# #....##.....#####
* *,* #..#####.##.##.###.# #
* *,* #..#........##.#
#.#####


You could see an orc priest and an orc.

Vanquished Creatures
  A bullfrog skeleton (D:3)
  4 adders
  An ooze (D:3)
  2 worms
  3 dart slugs
  A leopard gecko (D:1)
  3 orcs (D:3)
  5 bats
  5 goblins
  13 hobgoblins
  2 jackals (D:3)
  3 kobolds
  A quokka (D:2)
  2 ball pythons (D:1)
  A frilled lizard (D:2)
  10 rats
57 creatures vanquished.

Notes
Turn   | Place    | Note
-------+----------+-------------------------------------------
     0 | D:1      | pnats the Human Fighter began the quest for the Orb.
     0 | D:1      | Reached XP level 1. HP: 18/18 MP: 1/1
   300 | D:1      | Reached XP level 2. HP: 16/24 MP: 2/2
   635 | D:1      | Reached XP level 3. HP: 27/29 MP: 3/3
  1608 | D:2      | Reached skill level 1 in Dodging
  1608 | D:2      | Reached XP level 4. HP: 28/35 MP: 4/4
  1697 | D:2      | Found an opulent altar of Gozag.
  1697 | D:2      | Found a sparkling altar of Nemelex Xobeh.
  1735 | D:2      | Became a worshipper of Gozag Ym Sagoz the Greedy
  1838 | D:2      | Found a glowing golden altar of the Shining One.
  2475 | D:3      | Reached skill level 1 in Short Blades
  2475 | D:3      | Reached XP level 5. HP: 15/41 MP: 5/5
  2495 | D:3      | Found a burning altar of Makhleb.
  2821 | D:3      | Killed from afar by an orc priest

Vault maps used:
D:1:      elethiomel_arrival_quiet, minmay_tetromino_i2
D:2:      grunt_temple_overflow_opulence, tso_altar
D:3:      lemuel_doored_altar, marbit_many_paths, gup_sewer_entry_bubbles,
          glass_columns_a

Skill      XL: |  1  2  3  4 |
---------------+-------------+-----
Dodging        | 1 |  1.3
Short Blades   | 1 |  1.6
Fighting       | |  3.4
Maces & Flails | |  2.8
Armour         | |  3.6
Shields        | |  3.7

Action                   |  1- 3 |  4- 6 || total
-------------------------+-------+-------++-------
Melee: Flail             |    80 |       ||    80
       Short sword       |    26 |   129 ||   155
  Use: Scroll            |    10 |     2 ||    12
       Potion            |     1 |     2 ||     3
 Stab: Distracted        |       |     1 ||     1
  Eat: Bread ration      |     1 |     1 ||     2
Armor: Scale mail        |    49 |    47 ||    96
Dodge: Dodged            |    39 |    46 ||    85
Block: Shield            |    65 |    63 ||   128
